 Dungeon Crawl Stone Soup version 0.31-a0-949-g57150269e1 (webtiles) character file.

Game seed: 5420423528941224201

27 Zonian the Magician (level 2, 0/15 HPs)
             Began as a Deep Elf Hedge Wizard on Oct 22, 2023.
             Killed from afar by Natasha (6 damage)
             ... with a magic dart
             ... on level 2 of the Dungeon.
             The game lasted 00:01:22 (1719 turns).

Zonian the Magician (Deep Elf Hedge Wizard)         Turns: 1719, Time: 00:01:23

Health: 0/15       AC:  3    Str:  7    XL:     2   Next: 93%
Magic:  16/18      EV: 12    Int: 18    God:
Gold:   73         SH:  0    Dex: 14    Spells: 9/10 levels left

rFire   . . .        a - +0 dagger
rCold   . . .        (no shield)
rNeg    . . .        b - +0 robe
rPois   .            c - +0 hat
rElec   .            (no cloak)
rCorr   .            (no gloves)
SInv    .            l - +0 pair of boots
Will    .....        (no amulet)
Stlth   ++           i - ring of magical power
HPRegen 0.22/turn    (no ring)
MPRegen 0.16/turn

%: no passive effects
@: no status effects
A: no striking features
a: no special abilities


You were on level 2 of the Dungeon.
You visited 1 branch of the dungeon, and saw 2 of its levels.

You collected 73 gold pieces.

Inventory:

Hand Weapons
 a - a +0 dagger (weapon)
Armour
 b - a +0 robe (worn)
 c - a +0 hat (worn)
 l - a +0 pair of boots (worn)
Jewellery
 i - a ring of magical power (left hand)
 m - a +4 ring of slaying
Scrolls
 g - a scroll of fog {unknown}
 h - 3 scrolls of butterflies {unknown}
 k - a scroll of teleportation {unknown}
Potions
 d - 2 potions of magic
 e - 2 potions of ambrosia {unknown}
 f - a potion of curing {unknown}
 j - a potion of mutation {unknown}
 n - a potion of attraction {unknown}


   Skills:
 + Level 2.7 Dodging
 + Level 2.8 Stealth
 + Level 4.7 Spellcasting
 + Level 1.7 Conjurations
 + Level 1.4 Summonings
 + Level 1.6 Translocations


You had 9 spell levels left.
You knew the following spells:

 Your Spells              Type           Power      Damage    Failure   Level
a - Magic Dart            Conj           40%        1d5       7%          1

Your spell library contained the following spells:

 Spells                   Type           Power      Damage    Failure   Level
 Blink                    Tloc           20%        N/A       11%         2
 Call Imp                 Summ           18%        N/A       12%         2
 Slow                     Hex            16%        N/A       14%         1
 Cigotuvi's Dreadful Rot  Necr/Pois/Air  8%         N/A       21%         2
 Mephitic Cloud           Conj/Pois/Air  6%         N/A       32%         3


Dungeon Overview and Level Annotations

Branches:
Dungeon (2/15)

Altars:

Annotations:
D:2 Natasha


Message History

Unknown command.
The magic dart hits the kobold but does no damage.
The kobold throws a stone.
The stone barely misses you.
The magic dart hits the kobold.
The kobold is heavily wounded.
The magic dart hits the kobold.
The kobold is severely wounded.
The kobold throws a stone.
The stone closely misses you.
The magic dart hits the kobold.
The kobold is severely wounded.
The magic dart hits the kobold.
You kill the kobold!
You can't see any susceptible monsters within range! (Use Z to cast anyway.)
You can't see any susceptible monsters within range! (Use Z to cast anyway.) Unknown command.
Magic restored.
Natasha, Servant of Life and Death comes into view.
Natasha hisses angrily.
Natasha is nearby!
The magic dart hits Natasha.
Natasha is moderately wounded.
Natasha howls an incantation.
Natasha's front paws start to glow.
Natasha claws you!
Ouch! That really hurt!
You are too injured to fight recklessly!
You are too injured to fight recklessly!
You are too injured to fight recklessly!
Unknown command.
Casting: Magic Dart (safe; 7% risk of failure)
Confirm with . or Enter, or press ? or * to list all spells.
Aiming: Magic Dart (safe; 7% risk of failure)
Press: ? - help, Shift-Dir - straight line, f/p - Natasha
Aim: Natasha (moderately wounded, 100% to hit)
The magic dart hits Natasha.
Natasha is heavily wounded.
Natasha stares at you and mumbles some strange words.
The magic dart hits you.
You die...
Natasha begins licking her fur clean.

##### #...#
#...# #...#
############...#
...)...@.......#
......h#.##....#
.......#.##....#
...^...#.......#
.......####....#
....... #...####
....... ###.#
....... #.# #<#


You could see Natasha.

Vanquished Creatures
  A bat (D:1)
  4 endoplasms (D:1)
  A goblin (D:1)
  4 hobgoblins (D:1)
  A kobold (D:2)
  4 quokkas (D:1)
  4 ball pythons (D:1)
  A frilled lizard (D:1)
  3 rats (D:1)
23 creatures vanquished.

Notes
Turn   | Place    | Note
-------+----------+-------------------------------------------
     0 | D:1      | Zonian the Deep Elf Hedge Wizard began the quest for the
                  | Orb.
     0 | D:1      | Reached XP level 1. HP: 10/10 MP: 7/7
   480 | D:1      | Reached XP level 2. HP: 15/15 MP: 4/9
  1717 | D:2      | Noticed Natasha
  1719 | D:2      | Killed from afar by Natasha

Illustrated notes

Levels and vault maps discovered:
D:1:      matt_arrival_los_fun, layout_basic, st_stairs_8
D:2:      layout_basic, uniq_natasha

Action                     || total
---------------------------++-------
  Melee: Dagger            ||     2
   Cast: Magic Dart        ||    71
 Armour: Robe              ||    13
  Dodge: Dodged            ||    17

Table legend: (Time is in decaauts)
 A = Elapsed time spent in this place.
 B = Non-inter-level travel time spent in this place.
 C = Inter-level travel time spent in this place.
 D = Time resting spent in this place.
 E = Time spent auto-exploring this place.
 F = Levels seen in this place.
 G = Mean time per level.
                   A        B        C        D        E       F      G
               +--------+--------+--------+--------+--------+-----+--------+
         Total |   1718 |   1708 |     10 |    635 |    936 |   2 |  859.0 |
       Dungeon |   1718 |   1708 |     10 |    635 |    936 |   2 |  859.0 |
               +--------+--------+--------+--------+--------+-----+--------+

Top non-repeatable levels by time:
     D:1: 1668 daAuts
     D:2: 49 daAuts
